Unix NetHack Version 3.7.0-62 Work-in-progress - last build Sep 4 2022 15:15:27 (19f23e9df9cc3a1919452eed5d8f743ebdc3eec5,branch:master). Game began 2022-09-11 16:01:59, ended 2022-09-11 21:13:21. adinthrae, lawful female human Valkyrie ------------------------ |...................@@.| |..-------------------@| ----.| ----- |q| |..|.-- --...| |.| |....)|--|....| |.| |.....|.[|....| |.| --....|.....0-- |.| |.......|...| ------|.| |....|..|...| --|.....|)| |....---|...| |.-$$...|.| |.......|..-- |-|$$$$.|)| ----.0..|.-- |.+$$$.$).| ---.--.| |-|$..$.|-- |.....| |.+$... | |>.|..| --|.0...| ------- ------- Adinthrae the Fighter St:18 Dx:14 Co:18 In:7 Wi:12 Ch:7 Lawful S:9693 Dlvl:2 $:393 HP:0(93) Pw:24(24) AC:-6 Xp:8/2260 T:6324 Latest messages: The giant ant misses! You miss the giant ant. The giant ant misses! You kill the giant ant! The soldier picks up a violet gem. You hit the soldier! You hit the soldier! You hear some noises. The soldier swings his corpse. The soldier hits you with the cockatrice corpse. You are slowing down. What do you want to eat? [flnswB or ?*] Never mind. # Are you sure you want to pray? [yn] (n) You begin praying to Tyr. You are surrounded by a shimmering light. The soldier starts to attack you, but pulls back. You finish your prayer. You feel that Tyr is well-pleased. You feel more limber. You kill the soldier! The dog eats a soldier corpse. You are beginning to feel hungry. What do you want to eat? [flnswB or ?*] This food really hits the spot! You stop eating the food ration. What do you want to eat? [flnswB or ?*] You resume your meal. You hear a sound reminiscent of an elephant stepping on a peanut. You finish eating the food ration. You stop waiting. The dog eats a gnome lady corpse. You stop waiting. You hear a sound reminiscent of a seal barking. You hear a sound reminiscent of a seal barking. You stop waiting. You hit the mumak! The mumak butts! The mumak just misses! You miss the mumak. The mumak butts! The mumak bites! You see here a knife. The Woodland-elf wields an elven broadsword! You hit the mumak! The mumak misses! The mumak bites! You die... Do you want your possessions identified? [ynq] (y) Inventory: Coins $ - 393 gold pieces Weapons e - 9 +0 darts b - a +0 dagger a - a +1 spear (weapon in hand) Armor G - an uncursed +0 orcish helm (being worn) H - an uncursed +1 pair of iron shoes (being worn) c - an uncursed +3 small shield (being worn) L - an uncursed +0 mummy wrapping J - an uncursed +1 orcish cloak (being worn) d - an uncursed +0 plate mail (being worn) Comestibles B - an uncursed slime mold f - a cursed banana w - 3 uncursed food rations l - 2 uncursed pears s - an uncursed tin of spinach Scrolls o - an uncursed scroll of create monster r - an uncursed scroll of remove curse k - an uncursed scroll of stinking cloud Potions i - an uncursed potion of blindness y - 2 uncursed potions of object detection j - an uncursed potion of restore ability Rings N - a cursed ring of aggravate monster A - an uncursed ring of conflict h - an uncursed ring of levitation p - an uncursed ring of regeneration m - an uncursed ring of see invisible u - an uncursed ring of teleportation Wands z - a wand of create monster (0:14) g - a wand of secret door detection (0:13) t - a wand of speed monster (0:5) M - a wand of undead turning (0:8) q - a wand of undead turning (0:2) Tools D - a +0 unicorn horn Adinthrae the Valkyrie's attributes: Background: You were a Fighter, a level 8 human Valkyrie. You were lawful, on a mission for Tyr who was opposed by Odin (neutral) and Loki (chaotic). You were in Sokoban, on level 2. You entered the dungeon 6324 turns ago. There was a full moon in effect when your adventure ended. You had 2260 experience points, 300 more were needed to attain level 9. Your score was 9693 before end-of-game adjustments. Basics: You had 0 out of 93 hit points. You had all 24 energy points (spell power). Your armor class was -6. Your wallet contained 393 zorkmids. Autopickup was off. Final Characteristics: Your strength was 18 (limit:18/100). Your dexterity was 14 (limit:18). Your constitution was 18 (limit:18). Your intelligence was 7 (limit:18). Your wisdom was 12 (limit:18). Your charisma was 7 (limit:18). Final Status: You were not hungry. You were unencumbered. You were wielding a spear. You had expert skill with spear. Final Attributes: You were piously aligned. You were cold resistant. You were telepathic. You were stealthy. You were guarded. You were lucky. You are dead. Miscellaneous: You never encountered a bones level. Total elapsed playing time was 49 minutes and 24 seconds. Major events: Turn 1: adinthrae the lawful human Valkyrie entered the dungeon 987: attained the rank of Skirmisher (level 3) 2482: entered Sokoban 3017: attained the rank of Fighter (level 6) 3276: completed 1st Sokoban level 3885: completed 2nd Sokoban level 5030: completed 3rd Sokoban level 6058: completed 4th Sokoban level 6324: killed by a mumak Vanquished creatures: a giant mimic a small mimic an ogre leader a quantum mechanic a large dog a large cat a tengu a red naga a leather golem a soldier a giant beetle a quivering blob a cockatrice a gremlin 2 leprechauns an orc-captain 2 vampire bats an orc mummy an owlbear a yeti a werewolf a dog a jaguar a blue jelly a black unicorn 2 snakes a human zombie a Woodland-elf a quasit a wood nymph a mountain nymph 8 Uruk-hai a rock piercer a rock mole 2 fog clouds a yellow light a gnome leader a gnomish wizard 2 kobold mummies 2 gray oozes a barrow wight 2 elf zombies a baby crocodile 6 giant ants a floating eye 3 kittens a dwarf a kobold leader 3 hill orcs 8 rothes a rabid rat a giant bat a werejackal an iguana 3 coyotes a hobbit a manes 2 large kobolds a hobgoblin 4 giant rats 2 cave spiders 2 yellow molds a green mold a red mold 3 geckos 6 jackals 3 foxes a goblin 2 sewer rats 4 grid bugs 2 bats 8 lichens 5 newts 136 creatures vanquished. No species were genocided or became extinct. Voluntary challenges: You read items or engraved 6 times. You engraved Elbereth 2 times. You never genocided any monsters. You never polymorphed an object. You never changed form. You used no wishes. You did not violate any of the special Sokoban rules. Achievements: You attained the rank of Skirmisher. You entered a shop. You entered Sokoban. You attained the rank of Fighter. The Dungeons of Doom: levels 1 to 6 Level 1: A fountain, a grave. Level 2: A fountain. Level 3: A fountain. Level 4: Many fountains. Level 5: Level 6: Some shops, an altar to Tyr. Stairs up to Sokoban, level 5. Sokoban: levels 5 up to 2 Level 2: <- You were here. Solved. Final resting place for you, killed by a mumak. Level 3: Solved. Level 4: Solved. Level 5: Solved. Game over: ---------- / \ / REST \ / IN \ / PEACE \ / \ | adinthrae | | 393 Au | | killed by a | | mumak | | | | | | 2022 | *| * * * | * _________)/\\_//(\/(/\)/\//\/|_)_______ Farvel adinthrae the Valkyrie... You died in Sokoban on dungeon level 2 with 9654 points, and 393 pieces of gold, after 6324 moves. You were level 8 with a maximum of 93 hit points when you died.